[Event "GambitGuide"]
[Site "Internet Chess Club"]
[Date "2014.10.31"]
[Round "1"]
[White "JSBach"]
[Black "notNice"]
[Result "0-1"]
[ICCResult "White checkmated"]
[WhiteElo "1578"]
[BlackElo "1641"]
[Opening "Vienna: `Frankenstein-Dracula' variation"]
[ECO "C27"]
[NIC "VG.02"]
[Time "03:30:16"]
[TimeControl "120+12"]

1. e4 e5 2. Nc3 Nf6 3. Bc4 Nxe4 4. Qh5 Nd6 5. Bb3 Nc6 6. Nb5 g6 7. Qf3 f5 8.
Qd5 Qe7 9. Nxc7+ Kd8 10. Nxa8 b6 11. Ba4 Nd4 12. f4 exf4+ 13. Kf2 Bg7 14. b3
Bb7 15. Nxb6 axb6 16. Qxb7 Nxb7 17. c3 Nc2 18. Bb2 Re8 19. Rc1 Qh4+ 20. Kf3
Qg4+ 21. Kf2 Bf6 22. Rxc2 Bh4+ 23. g3 fxg3+ 24. hxg3 Qxg3+ 25. Kf1 Re1#
{White checkmated}
0-1

[Event "GambitGuide"]
[Site "Internet Chess Club"]
[Date "2014.10.31"]
[Round "1"]
[White "JSBach"]
[Black "leader1774"]
[Result "1-0"]
[ICCResult "Black resigns"]
[WhiteElo "1578"]
[BlackElo "1569"]
[Opening "Vienna: `Frankenstein-Dracula' variation"]
[ECO "C27"]
[NIC "VG.02"]
[Time "03:30:45"]
[TimeControl "120+12"]

1. e4 e5 2. Nc3 Nf6 3. Bc4 Nxe4 4. Qh5 Nd6 5. Bb3 Nc6 6. Nb5 g6 7. Qf3 f5 8.
Qd5 Qe7 9. Nxc7+ Kd8 10. Nxa8 b6 11. Ba4 Nb4 12. Qb3 Bb7 13. Qxb4 Bxa8 14.
Kf1 Ne4 15. Qxe7+ Bxe7 16. f3 Nc5 17. Bb5 Bc6 18. Bxc6 dxc6 19. Ke2 Kc7 20.
d3 Ne6 21. Kf2 Nd4 22. c3 Nc2 23. Rb1 Bc5+ 24. Ke2 e4 25. Bf4+ Kb7 26. Rc1
exd3+ 27. Kxd3 Rd8+ 28. Kxc2 {Black resigns} 1-0

[Event "GambitGuide"]
[Site "Internet Chess Club"]
[Date "2014.10.31"]
[Round "1"]
[White "JSBach"]
[Black "ram75"]
[Result "1-0"]
[ICCResult "Black resigns"]
[WhiteElo "1578"]
[BlackElo "1208"]
[Opening "Vienna: `Frankenstein-Dracula' variation"]
[ECO "C27"]
[NIC "VG.02"]
[Time "03:31:13"]
[TimeControl "120+12"]

1. e4 e5 2. Nc3 Nf6 3. Bc4 Nxe4 4. Qh5 Nd6 5. Bb3 Nc6 6. Nb5 g6 7. Qf3 f5 8.
Qd5 Qe7 9. Nxc7+ Kd8 10. Nxa8 b6 11. Ba4 Bb7 12. Nxb6 axb6 13. Qb3 Kc7 14.
Ne2 Qh4 15. O-O Na5 16. Qc3+ Nc6 17. Bxc6 Bxc6 18. Qxe5 Rg8 19. Nf4 Qg4 20.
f3 Qg5 21. Nd5+ Kb8 22. Nxb6 Bg7 23. Qxd6+ {Black resigns} 1-0

[Event "GambitGuide"]
[Site "Internet Chess Club"]
[Date "2014.10.31"]
[Round "1"]
[White "JSBach"]
[Black "zealand"]
[Result "0-1"]
[ICCResult "White checkmated"]
[WhiteElo "1578"]
[BlackElo "1748"]
[Opening "Vienna: `Frankenstein-Dracula' variation"]
[ECO "C27"]
[NIC "VG.02"]
[Time "03:24:17"]
[TimeControl "120+12"]

1. e4 e5 2. Nc3 Nf6 3. Bc4 Nxe4 4. Qh5 Nd6 5. Bb3 Nc6 6. Nb5 g6 7. Qf3 f5 8.
Qd5 Qe7 9. Nxc7+ Kd8 10. Nxa8 b6 11. Ba4 Ba6 12. Bxc6 dxc6 13. Qb3 Nc8 14.
Nf3 Bh6 15. d3 Bxc1 16. Rxc1 e4 17. dxe4 Qxe4+ 18. Qe3 Qxe3+ 19. fxe3 Ne7
20. Ne5 Kc8 21. Rd1 Nd5 22. Nxc6 Kb7 23. e4 fxe4 24. c4 Ne3 25. Rd7+ Kxc6
26. Rc7+ Kd6 27. Rxa7 Bxc4 28. Nxb6 Bd3 29. Rg1 Ng4 30. h3 Ne5 31. a4 Rb8
32. a5 e3 33. Rxh7 Rf8 34. Rb7 Rf2 35. b4 Ba6 36. Nc8+ Kd5 37. Ne7+ Kd4 38.
Nc6+ Nxc6 39. Rb6 Rc2 40. Rxa6 Kd3 41. Rxc6 Rxc6 42. Kd1 e2+ 43. Ke1 Rc1+
44. Kf2 Rxg1 45. Kxg1 e1=Q+ 46. Kh2 Qxb4 47. g4 Qxa5 48. h4 Qe5+ 49. Kh3
Qe3+ 50. Kg2 Qf4 51. g5 Qxh4 52. Kf3 Qxg5 53. Kf2 Qf4+ 54. Kg2 g5 55. Kg1
Ke2 56. Kg2 Qg4+ 57. Kh2 Kf2 58. Kh1 Qg2# {White checkmated} 0-1

[Event "GambitGuide"]
[Site "Internet Chess Club"]
[Date "2014.10.31"]
[Round "1"]
[White "JSBach"]
[Black "leader1774"]
[Result "1-0"]
[ICCResult "Black resigns"]
[WhiteElo "1578"]
[BlackElo "1569"]
[Opening "Vienna: `Frankenstein-Dracula' variation"]
[ECO "C27"]
[NIC "VG.02"]
[Time "03:32:04"]
[TimeControl "120+12"]

1. e4 e5 2. Nc3 Nf6 3. Bc4 Nxe4 4. Qh5 Nd6 5. Bb3 Nc6 6. Nb5 g6 7. Qf3 f5 8.
Qd5 Qe7 9. Nxc7+ Kd8 10. Nxa8 b6 11. Ba4 Bb7 12. Nxb6 axb6 13. Qb3 Kc7 14.
Ne2 Na5 15. Qg3 Ne4 16. Qh3 Qb4 17. Bb3 Ng5 18. Qg3 Ne4 19. Qxe5+ Bd6 20.
Qxh8 {Black resigns} 1-0

[Event "GambitGuide"]
[Site "Internet Chess Club"]
[Date "2014.10.31"]
[Round "1"]
[White "JSBach"]
[Black "Omegaman"]
[Result "1-0"]
[ICCResult "Black resigns"]
[WhiteElo "1578"]
[BlackElo "2118"]
[Opening "Vienna: `Frankenstein-Dracula' variation"]
[ECO "C27"]
[NIC "VG.02"]
[Time "03:31:14"]
[TimeControl "120+12"]

1. e4 e5 2. Nc3 Nf6 3. Bc4 Nxe4 4. Qh5 Nd6 5. Bb3 Nc6 6. Nb5 g6 7. Qf3 f5 8.
Qd5 Qe7 9. Nxc7+ Kd8 10. Nxa8 b6 11. Ba4 Bb7 12. Nxb6 axb6 13. Qb3 Kc7 14.
Ne2 Bh6 15. Nc3 Na5 16. Nd5+ Bxd5 17. Qxd5 Ndc4 18. b4 Qxb4 19. Qxd7+ Kb8
20. c3 Qd6 21. d3 Qxd7 22. Bxd7 Bxc1 23. Rxc1 Nd6 24. f3 Kc7 25. Be6 Nab7
26. d4 exd4 27. cxd4+ Kb8 28. Kd2 Re8 29. Rhe1 Na5 30. Bd5 Rh8 31. Re7
{Black resigns}
1-0

[Event "GambitGuide"]
[Site "Internet Chess Club"]
[Date "2014.10.31"]
[Round "1"]
[White "JSBach"]
[Black "IlkkaM"]
[Result "0-1"]
[ICCResult "White checkmated"]
[WhiteElo "1578"]
[BlackElo "1706"]
[Opening "Vienna: `Frankenstein-Dracula' variation"]
[ECO "C27"]
[NIC "VG.02"]
[Time "03:29:32"]
[TimeControl "120+12"]

1. e4 e5 2. Nc3 Nf6 3. Bc4 Nxe4 4. Qh5 Nd6 5. Bb3 Nc6 6. Nb5 g6 7. Qf3 f5 8.
Qd5 Qe7 9. Nxc7+ Kd8 10. Nxa8 b6 11. Ba4 Bg7 12. Bxc6 dxc6 13. Qb3 Be6 14.
Qa4 Qb7 15. Qb4 Kd7 16. Nxb6+ axb6 17. Nf3 Ne4 18. d3 Nc5 19. Be3 Bf8 20.
Nxe5+ Kc7 21. Qd4 Bg7 22. Bf4 Kc8 23. Qd6 Rd8 24. Qxc6+ Qxc6 25. Nxc6 Rd7
26. Be5 Bh6 27. b4 Na4 28. Nd4 Bd5 29. Rg1 Re7 30. Nc6 Bxc6 31. d4 Bd5 32.
g3 Kd7 33. h3 Ke6 34. a3 Re8 35. Ke2 Rc8 36. f4 Nc3+ 37. Ke3 Ne4 38. c4 Bxc4
39. Rac1 b5 40. Kf3 Kd5 41. Rge1 Bf8 42. Rc2 Ra8 43. Re3 Be7 44. Rc1 Nd2+
45. Kf2 Nb3 46. Rxb3 Bxb3 47. Rc7 Bd6 48. Rd7 Ra6 49. Rxh7 Rc6 50. Rh6 Ke4
51. Rxg6 Rc2+ 52. Ke1 Bxe5 53. dxe5 Ke3 54. Rc6 Rxc6 55. Kf1 Rc1+ 56. Kg2
Bd5+ 57. Kh2 Rh1# {White checkmated} 0-1

[Event "GambitGuide"]
[Site "Internet Chess Club"]
[Date "2014.10.31"]
[Round "1"]
[White "JSBach"]
[Black "kik"]
[Result "0-1"]
[ICCResult "White checkmated"]
[WhiteElo "1578"]
[BlackElo "1447"]
[Opening "Vienna: `Frankenstein-Dracula' variation"]
[ECO "C27"]
[NIC "VG.02"]
[Time "03:30:39"]
[TimeControl "120+12"]

1. e4 e5 2. Nc3 Nf6 3. Bc4 Nxe4 4. Qh5 Nd6 5. Bb3 Nc6 6. Nb5 g6 7. Qf3 f5 8.
Qd5 Qe7 9. Nxc7+ Kd8 10. Nxa8 b6 11. Ba4 Bb7 12. Nxb6 axb6 13. Qb3 Kc7 14.
Ne2 Ne4 15. c4 Nc5 16. Qa3 Qe6 17. Bb5 e4 18. O-O Nd3 19. Qc3 Rg8 20. Nd4
Nxd4 21. Qxd4 Bg7 22. Qe3 f4 23. Qe2 g5 24. Rb1 g4 25. a3 f3 26. Qe3 Bh6 27.
Qd4 Bg7 28. Qe3 Bh6 29. Qd4 fxg2 30. Kxg2 Nf4+ 31. Kh1 e3+ 32. f3 gxf3 33.
c5 f2+ 34. c6 dxc6 35. Ba6 Bxa6 36. Rxf2 exf2 37. Qe5+ Qxe5 38. h4 Qe4+ 39.
Kh2 Qg2# {White checkmated} 0-1

[Event "GambitGuide"]
[Site "Internet Chess Club"]
[Date "2014.10.31"]
[Round "1"]
[White "JSBach"]
[Black "ram75"]
[Result "1-0"]
[ICCResult "Black resigns"]
[WhiteElo "1578"]
[BlackElo "1208"]
[Opening "Vienna: `Frankenstein-Dracula' variation"]
[ECO "C27"]
[NIC "VG.02"]
[Time "03:32:49"]
[TimeControl "120+12"]

1. e4 e5 2. Nc3 Nf6 3. Bc4 Nxe4 4. Qh5 Nd6 5. Bb3 Nc6 6. Nb5 g6 7. Qf3 f5 8.
Qd5 Qe7 9. Nxc7+ Kd8 10. Nxa8 b6 11. Ba4 Nb4 12. Qb3 Qh4 13. Qe3 Nc4 14. Qf3
b5 15. Bb3 e4 16. Qc3 Nd5 17. Qxh8 {Black resigns} 1-0

[Event "GambitGuide"]
[Site "Internet Chess Club"]
[Date "2014.10.31"]
[Round "1"]
[White "JSBach"]
[Black "Bluecat"]
[Result "1-0"]
[ICCResult "Black resigns"]
[WhiteElo "1578"]
[BlackElo "1342"]
[Opening "Vienna: `Frankenstein-Dracula' variation"]
[ECO "C27"]
[NIC "VG.02"]
[Time "03:30:43"]
[TimeControl "120+12"]

1. e4 e5 2. Nc3 Nf6 3. Bc4 Nxe4 4. Qh5 Nd6 5. Bb3 Nc6 6. Nb5 g6 7. Qf3 f5 8.
Qd5 Qe7 9. Nxc7+ Kd8 10. Nxa8 b6 11. Ba4 Bb7 12. Nxb6 axb6 13. Qb3 Bg7 14.
Qxb6+ Kc8 15. Nf3 Nc4 16. Qb5 Nd6 17. Qb6 Nc4 18. Qb5 Nd6 19. Qb6 Nc4 20.
Qb3 Qe6 21. Qb5 Nd6 22. Qc5 Ne4 23. Qb5 Kc7 24. Bb3 Qd6 25. O-O g5 26. d3 g4
27. dxe4 gxf3 28. exf5 fxg2 29. Re1 Nd4 30. Qa5+ Kc8 31. Re3 Nxb3 32. cxb3
Kb8 33. f6 Bxf6 34. Bd2 Rc8 35. Rd1 Qa6 36. Qxa6 Bxa6 37. Bb4 {Black
resigns} 1-0

[Event "GambitGuide"]
[Site "Internet Chess Club"]
[Date "2014.10.31"]
[Round "1"]
[White "JSBach"]
[Black "leader1774"]
[Result "1-0"]
[ICCResult "Black resigns"]
[WhiteElo "1578"]
[BlackElo "1569"]
[Opening "Vienna: `Frankenstein-Dracula' variation"]
[ECO "C27"]
[NIC "VG.02"]
[Time "03:33:19"]
[TimeControl "120+12"]

1. e4 e5 2. Nc3 Nf6 3. Bc4 Nxe4 4. Qh5 Nd6 5. Bb3 Nc6 6. Nb5 g6 7. Qf3 f5 8.
Qd5 Qe7 9. Nxc7+ Kd8 10. Nxa8 b6 11. Ba4 Bb7 12. Nxb6 axb6 13. Qb3 Kc7 14.
Ne2 Na5 15. Qg3 Ne4 16. Qh3 Qb4 17. Bb3 Ba6 18. c3 Qb5 19. Bd1 Bc5 20. d4
exd4 21. a4 Qc4 22. Bf4+ Kc8 23. Be5 Re8 24. cxd4 Bb4+ 25. Kf1 Nd2+ 26. Kg1
d6 27. Rc1 {Black resigns} 1-0

[Event "GambitGuide"]
[Site "Internet Chess Club"]
[Date "2014.10.31"]
[Round "1"]
[White "JSBach"]
[Black "leader1774"]
[Result "1-0"]
[ICCResult "Black resigns"]
[WhiteElo "1578"]
[BlackElo "1569"]
[Opening "Vienna: `Frankenstein-Dracula' variation"]
[ECO "C27"]
[NIC "VG.02"]
[Time "03:36:02"]
[TimeControl "120+12"]

1. e4 e5 2. Nc3 Nf6 3. Bc4 Nxe4 4. Qh5 Nd6 5. Bb3 Nc6 6. Nb5 g6 7. Qf3 f5 8.
Qd5 Qe7 9. Nxc7+ Kd8 10. Nxa8 b6 11. Ba4 Bb7 12. Nxb6 axb6 13. Qb3 Kc7 14.
Ne2 Qg5 15. O-O Na5 16. Qg3 {Black resigns} 1-0

[Event "GambitGuide"]
[Site "Internet Chess Club"]
[Date "2014.10.31"]
[Round "1"]
[White "JSBach"]
[Black "leader1774"]
[Result "1-0"]
[ICCResult "Black resigns"]
[WhiteElo "1578"]
[BlackElo "1569"]
[Opening "Vienna: `Frankenstein-Dracula' variation"]
[ECO "C27"]
[NIC "VG.02"]
[Time "03:37:11"]
[TimeControl "120+12"]

1. e4 e5 2. Nc3 Nf6 3. Bc4 Nxe4 4. Qh5 Nd6 5. Bb3 Nc6 6. Nb5 g6 7. Qf3 f5 8.
Qd5 Qe7 9. Nxc7+ Kd8 10. Nxa8 b6 11. Ba4 Bb7 12. Nxb6 axb6 13. Qb3 e4 14.
Qxb6+ Ke8 15. Ne2 Bh6 16. Qc7 f4 17. Bxc6 dxc6 18. Qxe7+ Kxe7 19. Ng1 Nb5
20. a4 Nd4 21. Kd1 e3 22. dxe3 fxe3 23. fxe3 Nf5 24. e4 Rd8+ 25. Ke1 Nd4 26.
Kf2 Nxc2 27. Bxh6 Nxa1 28. Bg5+ Kd7 29. Bxd8 Kxd8 30. e5 Nb3 31. Ne2 Nd2 32.
Rd1 {Black resigns} 1-0

[Event "GambitGuide"]
[Site "Internet Chess Club"]
[Date "2014.10.31"]
[Round "1"]
[White "JSBach"]
[Black "davidx"]
[Result "1-0"]
[ICCResult "Black resigns"]
[WhiteElo "1578"]
[BlackElo "1247"]
[Opening "Vienna: `Frankenstein-Dracula' variation"]
[ECO "C27"]
[NIC "VG.02"]
[Time "03:38:59"]
[TimeControl "120+12"]

1. e4 e5 2. Nc3 Nf6 3. Bc4 Nxe4 4. Qh5 Nd6 5. Bb3 Nc6 6. Nb5 g6 7. Qf3 f5 8.
Qd5 Qe7 9. Nxc7+ Kd8 10. Nxa8 b6 11. Ba4 Bb7 12. Nxb6 axb6 13. Qb3 Bg7 14.
Qxb6+ Kc8 15. d3 Qd8 16. Be3 Qxb6 17. Bxb6 Nd4 18. f3 Bc6 19. Bxd4 exd4 20.
Bxc6 dxc6 21. a4 Kc7 22. Ne2 c5 23. a5 Ra8 24. O-O {Black resigns} 1-0

[Event "GambitGuide"]
[Site "Internet Chess Club"]
[Date "2014.10.31"]
[Round "1"]
[White "JSBach"]
[Black "PaddinTon"]
[Result "0-1"]
[ICCResult "White checkmated"]
[WhiteElo "1578"]
[BlackElo "1776"]
[Opening "Vienna: `Frankenstein-Dracula' variation"]
[ECO "C27"]
[NIC "VG.02"]
[Time "03:41:52"]
[TimeControl "120+12"]

1. e4 e5 2. Nc3 Nf6 3. Bc4 Nxe4 4. Qh5 Nd6 5. Bb3 Nc6 6. Nb5 g6 7. Qf3 f5 8.
Qd5 Qe7 9. Nxc7+ Kd8 10. Nxa8 b6 11. Ba4 Nd4 12. f4 exf4+ 13. Kd1 Bb7 14.
Qxd4 Bg7 15. Qxf4 Re8 16. Qe3 Qh4 17. Qg3 Qe4 18. Nxb6 axb6 19. d3 Qxa4 20.
Bg5+ Kc8 21. Kc1 Qb4 22. c3 Bxc3 23. Rb1 Bd2+ 24. Bxd2 Qd4 25. h3 Qc5+ 26.
Bc3 b5 27. d4 Qc4 28. d5 b4 29. Nf3 bxc3 30. Qxd6 cxb2+ 31. Kxb2 Re2+ 32.
Nd2 Rxd2+ 33. Ka1 Qc3+ 34. Rb2 Qxb2# {White checkmated} 0-1

[Event "GambitGuide"]
[Site "Internet Chess Club"]
[Date "2014.10.31"]
[Round "1"]
[White "JSBach"]
[Black "PaddinTon"]
[Result "1-0"]
[ICCResult "Black resigns"]
[WhiteElo "1578"]
[BlackElo "1776"]
[Opening "Vienna: `Frankenstein-Dracula' variation"]
[ECO "C27"]
[NIC "VG.02"]
[Time "03:43:07"]
[TimeControl "120+12"]

1. e4 e5 2. Nc3 Nf6 3. Bc4 Nxe4 4. Qh5 Nd6 5. Bb3 Nc6 6. Nb5 g6 7. Qf3 f5 8.
Qd5 Qe7 9. Nxc7+ Kd8 10. Nxa8 b6 11. Ba4 Bb7 12. Nxb6 axb6 13. Qb3 Nd4 14.
Qxb6+ Ke8 15. Kf1 Bd5 16. c3 Nc4 17. Qb8+ Kf7 18. cxd4 Bg7 19. Qb5 Be6 20.
d5 Nd6 21. dxe6+ dxe6 22. Qd7 Qxd7 23. Bxd7 Ne4 24. Bc6 Nc5 25. b4 Na4 26.
Bxa4 {Black resigns} 1-0

[Event "GambitGuide"]
[Site "Internet Chess Club"]
[Date "2014.10.31"]
[Round "1"]
[White "JSBach"]
[Black "raller"]
[Result "0-1"]
[ICCResult "White checkmated"]
[WhiteElo "1578"]
[BlackElo "1927"]
[Opening "Vienna: `Frankenstein-Dracula' variation"]
[ECO "C27"]
[NIC "VG.02"]
[Time "03:42:47"]
[TimeControl "120+12"]

1. e4 e5 2. Nc3 Nf6 3. Bc4 Nxe4 4. Qh5 Nd6 5. Bb3 Nc6 6. Nb5 g6 7. Qf3 f5 8.
Qd5 Qe7 9. Nxc7+ Kd8 10. Nxa8 b6 11. Ba4 Bb7 12. Nxb6 axb6 13. Qb3 b5 14.
Ne2 bxa4 15. Qxa4 Bg7 16. O-O e4 17. Re1 Ne5 18. d4 exd3 19. Nd4 dxc2 20. f4
Ne4 21. fxe5 Bxe5 22. Nxc2 Qh4 23. g3 Bxg3 24. Qa5+ Bc7 25. Qxc7+ Kxc7 26.
Re2 Qg4+ 27. Kf1 Ba6 28. Nd4 Bxe2+ 29. Nxe2 Qf3+ 30. Ke1 Qf2+ 31. Kd1 Qf1+
32. Kc2 Qxe2+ 33. Bd2 Qxd2+ 34. Kb3 Qd3+ 35. Ka4 Qc4+ 36. Ka5 Ra8#
{White checkmated}
0-1

[Event "GambitGuide"]
[Site "Internet Chess Club"]
[Date "2014.10.31"]
[Round "1"]
[White "JSBach"]
[Black "Djukanyc"]
[Result "0-1"]
[ICCResult "White checkmated"]
[WhiteElo "1578"]
[BlackElo "1892"]
[Opening "Vienna: `Frankenstein-Dracula' variation"]
[ECO "C27"]
[NIC "VG.02"]
[Time "03:41:14"]
[TimeControl "120+12"]

1. e4 e5 2. Nc3 Nf6 3. Bc4 Nxe4 4. Qh5 Nd6 5. Bb3 Nc6 6. Nb5 g6 7. Qf3 f5 8.
Qd5 Qe7 9. Nxc7+ Kd8 10. Nxa8 b6 11. Ba4 Bb7 12. Nxb6 axb6 13. Qb3 Kc7 14.
Ne2 Nd4 15. Nxd4 exd4+ 16. Kf1 Bg7 17. a3 Re8 18. Qe3 dxe3 19. dxe3 Ba6+ 20.
Kg1 Ne4 21. Bb3 f4 22. f3 Nc3 23. bxc3 Bxc3 24. Rb1 fxe3 25. Bd5 e2 26. Bf4+
d6 27. Kf2 g5 28. Bxd6+ Qxd6 29. Be4 Qd4+ 30. Kg3 Rxe4 31. fxe4 Qe3+ 32. Kg4
Bc8+ 33. Kh5 Qxe4 34. Kxg5 Qf5+ 35. Kh4 Qg4# {White checkmated} 0-1

[Event "GambitGuide"]
[Site "Internet Chess Club"]
[Date "2014.10.31"]
[Round "1"]
[White "JSBach"]
[Black "raller"]
[Result "0-1"]
[ICCResult "White checkmated"]
[WhiteElo "1585"]
[BlackElo "1927"]
[Opening "Vienna: `Frankenstein-Dracula' variation"]
[ECO "C27"]
[NIC "VG.02"]
[Time "03:44:22"]
[TimeControl "120+12"]

1. e4 e5 2. Nc3 Nf6 3. Bc4 Nxe4 4. Qh5 Nd6 5. Bb3 Nc6 6. Nb5 g6 7. Qf3 f5 8.
Qd5 Qe7 9. Nxc7+ Kd8 10. Nxa8 b6 11. Ba4 Bb7 12. Nxb6 axb6 13. Qb3 b5 14.
Nf3 bxa4 15. Qxa4 Bg7 16. O-O e4 17. Ne1 Ne5 18. d4 exd3 19. f4 Ng4 20. Nxd3
Bd4+ 21. Qxd4 Re8 22. Qb6+ Kc8 23. Rd1 Qh4 24. h3 Qg3 25. Qc5+ Kd8 26. Qa5+
Kc8 27. Qc5+ Bc6 28. Qxc6+ dxc6 29. hxg4 Re2 30. Ne1 Rxe1+ 31. Rxe1 Qxe1+
32. Kh2 fxg4 33. a3 g3+ 34. Kh3 Nf5 35. Kg4 h5+ 36. Kg5 Qf1 37. Kxg6 Qxg2
38. Kxf5 h4 39. Kg4 h3 40. f5 h2 41. Bf4 h1=Q 42. Rxh1 Qxh1 43. Kxg3 Qe1+
44. Kh3 Qe4 45. Kg4 Qxc2 46. b4 Qb3 47. Be5 Qxa3 48. Bd6 Qd3 49. Bc5 Kd7 50.
Kg5 Ke8 51. Kf4 Kf7 52. Ke5 Qd5+ 53. Kf4 Kf6 54. Kg4 Qxf5+ 55. Kg3 Kg5 56.
Be7+ Kg6 57. Bc5 Kf7 58. Kg2 Ke6 59. Kg3 Kd5 60. Kh4 Ke4 61. Kg3 Qf3+ 62.
Kh4 Qg2 63. Bd6 Kf5 64. Bg3 Qh1+ 65. Bh2 Qxh2# {White checkmated} 0-1

[Event "GambitGuide"]
[Site "Internet Chess Club"]
[Date "2014.10.31"]
[Round "1"]
[White "JSBach"]
[Black "Korporal"]
[Result "1-0"]
[ICCResult "Black resigns"]
[WhiteElo "1585"]
[BlackElo "1269"]
[Opening "Vienna: `Frankenstein-Dracula' variation"]
[ECO "C27"]
[NIC "VG.02"]
[Time "03:48:35"]
[TimeControl "120+12"]

1. e4 e5 2. Nc3 Nf6 3. Bc4 Nxe4 4. Qh5 Nd6 5. Bb3 Nc6 6. Nb5 g6 7. Qf3 f5 8.
Qd5 Qe7 9. Nxc7+ Kd8 10. Nxa8 b6 11. Ba4 Bb7 12. Nxb6 axb6 13. Qb3 Bg7 14.
Qxb6+ Ke8 15. Ne2 Kf7 16. Bb3+ Kf8 17. Bd5 Qd8 18. Qxd8+ Nxd8 19. Nc3 e4 20.
a4 Bxc3 21. Bxb7 Ba5 22. Bd5 Ke7 23. b3 Ne6 24. Bb2 Rc8 25. Bxe6 Kxe6 26.
O-O-O Nf7 27. d3 d5 28. h4 Ne5 29. Bxe5 Kxe5 30. d4+ Kf4 31. h5 Rc6 32. Kb1
g5 33. Kc1 h6 34. Rhg1 Bc3 35. Rh1 Kg4 36. Kb1 f4 37. Rh3 Re6 38. Rxc3
{Black resigns}
1-0

[Event "GambitGuide"]
[Site "Internet Chess Club"]
[Date "2014.10.31"]
[Round "1"]
[White "JSBach"]
[Black "dimokles"]
[Result "1-0"]
[ICCResult "Black resigns"]
[WhiteElo "1585"]
[BlackElo "1594"]
[Opening "Vienna: `Frankenstein-Dracula' variation"]
[ECO "C27"]
[NIC "VG.02"]
[Time "03:49:30"]
[TimeControl "120+12"]

1. e4 e5 2. Nc3 Nf6 3. Bc4 Nxe4 4. Qh5 Nd6 5. Bb3 Nc6 6. Nb5 g6 7. Qf3 f5 8.
Qd5 Qe7 9. Nxc7+ Kd8 10. Nxa8 b6 11. Ba4 Bb7 12. Nxb6 axb6 13. Qb3 Kc7 14.
Ne2 Ne4 15. Qb5 Qc5 16. O-O d5 17. d3 Nd6 18. Qxc5 bxc5 19. Re1 Bg7 20. Be3
Kb6 21. Nc3 Ne7 22. Bg5 Nec8 23. Bd7 Na7 24. Na4+ Kc7 25. Nxc5 {Black
resigns} 1-0

[Event "GambitGuide"]
[Site "Internet Chess Club"]
[Date "2014.10.31"]
[Round "1"]
[White "JSBach"]
[Black "Korporal"]
[Result "1-0"]
[ICCResult "Black resigns"]
[WhiteElo "1585"]
[BlackElo "1269"]
[Opening "Vienna: `Frankenstein-Dracula' variation"]
[ECO "C27"]
[NIC "VG.02"]
[Time "03:51:37"]
[TimeControl "120+12"]

1. e4 e5 2. Nc3 Nf6 3. Bc4 Nxe4 4. Qh5 Nd6 5. Bb3 Nc6 6. Nb5 g6 7. Qf3 f5 8.
Qd5 Qe7 9. Nxc7+ Kd8 10. Nxa8 b6 11. Ba4 Bb7 12. Nxb6 Nd4 13. Qc5 axb6 14.
Qxb6+ Ke8 15. Kf1 Kf7 16. c3 Ne6 17. Bb3 Bg7 18. d3 Qg5 19. Bxg5 {Black
resigns} 1-0

[Event "GambitGuide"]
[Site "Internet Chess Club"]
[Date "2014.10.31"]
[Round "1"]
[White "JSBach"]
[Black "PaddinTon"]
[Result "1-0"]
[ICCResult "Black resigns"]
[WhiteElo "1585"]
[BlackElo "1776"]
[Opening "Vienna: `Frankenstein-Dracula' variation"]
[ECO "C27"]
[NIC "VG.02"]
[Time "03:58:08"]
[TimeControl "120+12"]

1. e4 e5 2. Nc3 Nf6 3. Bc4 Nxe4 4. Qh5 Nd6 5. Bb3 Nc6 6. Nb5 g6 7. Qf3 f5 8.
Qd5 Qe7 9. Nxc7+ Kd8 10. Nxa8 b6 11. Ba4 Bb7 12. Nxb6 axb6 13. Qb3 Bg7 14.
Qxb6+ Kc8 15. d3 Re8 16. Be3 e4 17. Rd1 exd3 18. Rxd3 f4 19. Bxc6 Bxc6 20.
Qb4 fxe3 21. Rxd6 exf2+ 22. Kxf2 Rf8+ 23. Nf3 Bxf3 24. gxf3 Qh4+ 25. Qxh4
Bf6 26. Rxf6 Rxf6 27. Qxf6 {Black resigns} 1-0

[Event "GambitGuide"]
[Site "Internet Chess Club"]
[Date "2014.10.31"]
[Round "1"]
[White "JSBach"]
[Black "MAUDEVAN"]
[Result "1-0"]
[ICCResult "Black resigns"]
[WhiteElo "1585"]
[BlackElo "1467"]
[Opening "Vienna: `Frankenstein-Dracula' variation"]
[ECO "C27"]
[NIC "VG.02"]
[Time "03:58:44"]
[TimeControl "120+12"]

1. e4 e5 2. Nc3 Nf6 3. Bc4 Nxe4 4. Qh5 Nd6 5. Bb3 Nc6 6. Nb5 g6 7. Qf3 f5 8.
Qd5 Qe7 9. Nxc7+ Kd8 10. Nxa8 b6 11. Ba4 Bg7 12. Bxc6 dxc6 13. Qb3 Bb7 14.
Nxb6 axb6 15. Qxb6+ Qc7 16. Qxc7+ Kxc7 17. a4 e4 18. a5 Ba6 19. Rb1 Nc4 20.
b4 Na3 21. Bxa3 {Black resigns} 1-0

[Event "GambitGuide"]
[Site "Internet Chess Club"]
[Date "2014.10.31"]
[Round "1"]
[White "JSBach"]
[Black "MAUDEVAN"]
[Result "1-0"]
[ICCResult "Black resigns"]
[WhiteElo "1585"]
[BlackElo "1467"]
[Opening "Vienna: `Frankenstein-Dracula' variation"]
[ECO "C27"]
[NIC "VG.02"]
[Time "03:59:46"]
[TimeControl "120+12"]

1. e4 e5 2. Nc3 Nf6 3. Bc4 Nxe4 4. Qh5 Nd6 5. Bb3 Nc6 6. Nb5 g6 7. Qf3 f5 8.
Qd5 Qe7 9. Nxc7+ Kd8 10. Nxa8 b6 11. Ba4 Bb7 12. Nxb6 axb6 13. Qb3 Kc7 14.
Ne2 Bg7 15. Nc3 e4 16. Nd5+ Kd8 17. Nxe7 {Black resigns} 1-0

[Event "GambitGuide"]
[Site "Internet Chess Club"]
[Date "2014.10.31"]
[Round "1"]
[White "JSBach"]
[Black "MAUDEVAN"]
[Result "1-0"]
[ICCResult "Black resigns"]
[WhiteElo "1585"]
[BlackElo "1467"]
[Opening "Vienna: `Frankenstein-Dracula' variation"]
[ECO "C27"]
[NIC "VG.02"]
[Time "04:00:28"]
[TimeControl "120+12"]

1. e4 e5 2. Nc3 Nf6 3. Bc4 Nxe4 4. Qh5 Nd6 5. Bb3 Nc6 6. Nb5 g6 7. Qf3 f5 8.
Qd5 Qe7 9. Nxc7+ Kd8 10. Nxa8 b6 11. Ba4 Bb7 12. Nxb6 axb6 13. Qb3 Kc7 14.
Ne2 h5 15. Qg3 Qf6 16. f4 Ne4 17. Qb3 Bc5 18. fxe5 Qxe5 19. Qf7 Bf2+ 20. Kf1
Qc5 21. Qxg6 Bh4 22. d4 Nxd4 23. Qg7 Nxc2 24. Bf4+ Nd6 25. Qxd7+ Kb8 26.
Bxd6+ {Black resigns} 1-0

[Event "GambitGuide"]
[Site "Internet Chess Club"]
[Date "2014.10.31"]
[Round "1"]
[White "JSBach"]
[Black "MAUDEVAN"]
[Result "1-0"]
[ICCResult "Black resigns"]
[WhiteElo "1585"]
[BlackElo "1467"]
[Opening "Vienna: `Frankenstein-Dracula' variation"]
[ECO "C27"]
[NIC "VG.02"]
[Time "04:02:23"]
[TimeControl "120+12"]

1. e4 e5 2. Nc3 Nf6 3. Bc4 Nxe4 4. Qh5 Nd6 5. Bb3 Nc6 6. Nb5 g6 7. Qf3 f5 8.
Qd5 Qe7 9. Nxc7+ Kd8 10. Nxa8 b6 11. Ba4 Bb7 12. Nxb6 axb6 13. Qb3 Kc7 14.
Ne2 h5 15. Nc3 h4 16. Nd5+ {Black resigns} 1-0

[Event "GambitGuide"]
[Site "Internet Chess Club"]
[Date "2014.10.31"]
[Round "1"]
[White "JSBach"]
[Black "ALLYOOP"]
[Result "1-0"]
[ICCResult "Black resigns"]
[WhiteElo "1585"]
[BlackElo "1424"]
[Opening "Vienna: `Frankenstein-Dracula' variation"]
[ECO "C27"]
[NIC "VG.02"]
[Time "04:01:14"]
[TimeControl "120+12"]

1. e4 e5 2. Nc3 Nf6 3. Bc4 Nxe4 4. Qh5 Nd6 5. Bb3 Nc6 6. Nb5 g6 7. Qf3 f5 8.
Qd5 Qe7 9. Nxc7+ Kd8 10. Nxa8 b6 11. Ba4 Bb7 12. Nxb6 axb6 13. Qb3 Kc7 14.
Ne2 Ba6 15. Nc3 Nd4 16. Nd5+ Kd8 17. Qxb6+ Ke8 18. Nxe7 Bxe7 19. Qxa6
{Black resigns}
1-0